Pick #1

Connor Bedard
Pick #2

Leo Carlsson
Pick #3

Adam Fantilli
Pick #4

Matvei Michkov
Pick #5

David Reinbacher
Pick #6

William Smith
Pick #7

Zachary Benson
Pick #8

Ryan Leonard
Pick #9

Gabriel Perreault
Pick #10

Axel Sandin-Pellika
Pick #11

Daniil But
Pick #12

Dalibor Dvorsky
Pick #13

Quentin Musty
Pick #14

Brayden Yager
Pick #15

Dmitry Simashev
Pick #16

Colby Barlow
Pick #17

Andrew Cristall
Pick #18

Easton Cowan
Pick #19

Jacob Fowler
Pick #20

Oliver Moore
Pick #21

Oliver Bonk
Pick #22

Tom Willander
Pick #23

Calum Ritchie
Pick #24

Tanner Molendyk
Pick #25

Gavin Brindley
Pick #26

Nate Danielson
Pick #27

Pick #28

Pick #29

Pick #30

Pick #31

Pick #32

Pick #33

Pick #34

Pick #35

Pick #36

Pick #37

Pick #38

Pick #39

Pick #40

Pick #41

Pick #42

Pick #43

Pick #44

Pick #45

Pick #46

Pick #47

Pick #48

Pick #49

Pick #50

Pick #51

Pick #52

Pick #53

Pick #54

Pick #55

Pick #56

Pick #57

Pick #58

Pick #59

Pick #60

Pick #61

Pick #62

Pick #63

Pick #64

Pick #65

Pick #66

Pick #67

Pick #68

Pick #69

Pick #70

Pick #71

Pick #72

Pick #73

Pick #74

Pick #75

Pick #76

Pick #77

Pick #78

Pick #79

Pick #80

Pick #81

Pick #82

Pick #83

Pick #84

Pick #85

Pick #86

Pick #87

Pick #88

Pick #89

Pick #90

Pick #91

Pick #92

Pick #93

Pick #94

Pick #95

Pick #96

Pick #97

Pick #98

Pick #99

Pick #100

Pick #101

Pick #102

Pick #103

Pick #104

Pick #105

Pick #106

Pick #107

Pick #108

Pick #109

Pick #110

Pick #111

Pick #112

Pick #113

Pick #114

Pick #115

Pick #116

Pick #117

Pick #118

Pick #119

Pick #120

Pick #121

Pick #122

Pick #123

Pick #124

Pick #125

Pick #126

Pick #127

Pick #128

Pick #129

Pick #130

Full Scoreboard »»

Jets vs BlackHawks

Created - October 29, 2023 at 02:58

Goals
1 2 3 T
Jets 0 1 2 3
BlackHawks 1 0 4 5
Shots
1 2 3 T
Jets 6 7 10 23
BlackHawks 14 12 17 43

GoalsPenalties
1st period
1. BlackHawks , Max Domi 2 (Ty Dellandrea 1) at 2:49
Colin Miller (WPG) for High sticking (Minor) at 19:32
2nd period
2. Jets , Gustav Nyquist 1 (Reilly Smith 3, Andreas Athanasiou 3) at 5:05
No Penalty
3rd period
3. BlackHawks , Jack Rathbone 1 (Jaden Schwartz 2, Haydn Fleury 1) at 6:46
4. Jets , Nick Schmaltz 3 (Dmitry Orlov 4, Hampus Lindholm 5) at 8:18 (PP)
5. BlackHawks , Nick Ritchie 1 (Max Domi 2, Ty Dellandrea 2) at 11:59
6. BlackHawks , Ivan Barbashev 4 (Andrei Kuzmenko 2, Kirill Kaprizov 3) at 15:10 (PP)
7. Jets , Reilly Smith 3 (Hampus Lindholm 6) at 16:51
8. BlackHawks , Braden Schneider 2 (Ryan Donato 3, Marc-Edouard Vlasic 2) at 18:20
Nick Ritchie (CHI) for Roughing (Minor) at 7:40
Connor Murphy (WPG) for Cross-checking (Minor) at 14:59
Goalie Stats
Dan Vladar (WPG), 38 saves from 43 shots - (0.884), L, 1-1-0, 60:00 minutes
Marc-Andre Fleury (CHI), 20 saves from 23 shots - (0.870), W, 4-3-0, 60:00 minutes
3 StarsOfficial
1 - Max Domi (CHI)
2 - Braden Schneider (CHI)
3 - Nick Ritchie (CHI)
Referees : Mitch Dunning and Tim Mayer
Linesman : Jim Harper and Glen Cooke
Game Note
No Game Note
Finance
Level 1 -- Attendance: 5202 (80.03%) -- Ticket Income $650,250
Level 2 -- Attendance: 3503 (70.06%) -- Ticket Income $350,300
Level 3 -- Attendance: 2067 (59.06%) -- Ticket Income $175,695
Level 4 -- Attendance: 1538 (41.38%) -- Ticket Income $115,350
Luxury Box -- Attendance: 1000 (100.00%) -- Ticket Income $200,000
Game was played at the United Center.
Total Attendance: 13310 (67.51%)
Total Ticket Income: $1,491,595
Other Income: $372,899
Total Income: $1,864,494



Team Name Goals Shots Shots Attemp Shots Blocked PIM HIT PP PK FO%
Jets 32348134231 / 1 (100%)145%
BlackHawks 5438682241 / 2 (50%)155%

Jets
Player Name POS G A P +/- PIM HIT SHT SB MP PP MP PP SHT PK MP PK SHT FO% FOT
Andreas AthanasiouC0111000020:410:0000:19039% 28
Colin MillerD0000220116:140:0000:0000% 0
Connor MurphyD000-2240119:580:0000:5800% 0
Darren HelmC000-301309:330:0000:00047% 15
Dmitry OrlovD01100110123:460:3801:1200% 0
Garnet HathawayRW0000002012:110:0000:000100% 1
Gustav NyquistC1011011021:190:3800:190100% 1
Hampus LindholmD0220010323:400:3801:0600% 0
Mark JankowskiC0000000012:110:0000:00060% 15
Nate SchmidtD0000000416:580:0000:4300% 0
Nick SchmaltzC1010015017:350:3811:51048% 25
Oliver BjorkstrandRW0000004016:570:0001:5100% 2
Oskar SundqvistC000-300109:330:0000:0000% 0
Reilly SmithRW1121002021:000:3800:0000% 1
Thomas NovakC0000001012:110:0000:0000% 0
Torey KrugD000-2011319:220:0000:2100% 0
Victor OlofssonLW0000003015:060:0000:0000% 2
Zac DalpeC000-301009:330:0000:0000% 1
BlackHawks
Player Name POS G A P +/- PIM HIT SHT SB MP PP MP PP SHT PK MP PK SHT FO% FOT
Anders LeeLW000-1065021:551:0510:3800% 0
Andrei KuzmenkoLW0110011021:321:0500:0000% 2
Braden SchneiderD1010061225:182:0000:0000% 0
Derek ForbortD0001000121:150:1000:3800% 0
Haydn FleuryD0111010013:270:0000:0000% 0
Ivan BarbashevC1010036021:321:0510:00050% 26
Jack RathboneD1011001013:270:0000:0000% 0
Jaden SchwartzC011-1013120:120:0000:00050% 2
Jordan MartinookLW000000000:000:0000:0000% 0
Justin BraunD0001020121:150:1000:3800% 0
Kirill KaprizovLW0111007024:581:0500:38033% 3
Marc-Edouard VlasicD0110011225:182:0010:0000% 0
Max DomiC1122005013:110:0000:000100% 1
Nick RitchieLW1013233015:460:0000:0000% 1
Ryan DonatoC011100103:220:0000:00057% 7
Sonny MilanoLW000000001:200:0000:0000% 0
Ty DellandreaC0222006014:161:0500:00068% 19
Tyler SeguinC000-1003121:171:0500:00057% 30



Play-by-Play

1st period


0:01 of 1st period - Ivan Barbashev wins face-off versus Andreas Athanasiou in neutral zone.
0:06 of 1st period - Ivan Barbashev is hit by Dmitry Orlov and loses puck.
0:14 of 1st period - Kirill Kaprizov is hit by Dmitry Orlov.
0:40 of 1st period - Shot by Andrei Kuzmenko.
0:40 of 1st period - Shot Misses the Net.
0:42 of 1st period - Shot by Braden Schneider.
0:42 of 1st period - Shot Misses the Net.
0:53 of 1st period - Gustav Nyquist is hit by Justin Braun and loses puck.
0:57 of 1st period - Icing by Derek Forbort.
0:58 of 1st period - Tyler Seguin wins face-off versus Nick Schmaltz in BlackHawks zone.
1:22 of 1st period - Oliver Bjorkstrand is hit by Justin Braun and loses puck.
1:38 of 1st period - Jaden Schwartz is hit by Connor Murphy and loses puck.
2:07 of 1st period - Shot by Ty Dellandrea.
2:07 of 1st period - Stopped by Dan Vladar without a rebound.
2:08 of 1st period - Ivan Barbashev wins face-off versus Darren Helm in Jets zone.
2:16 of 1st period - Icing by Zac Dalpe.
2:17 of 1st period - Ryan Donato wins face-off versus Darren Helm in Jets zone.
2:26 of 1st period - Icing by Nate Schmidt.
2:27 of 1st period - Ty Dellandrea wins face-off versus Zac Dalpe in Jets zone.
2:39 of 1st period - Colin Miller is hit by Nick Ritchie and loses puck.
2:49 of 1st period - Shot by Max Domi.
2:49 of 1st period - Goal by Max Domi - Jets : 0 - BlackHawks : 1.
2:50 of 1st period - Mark Jankowski wins face-off versus Ivan Barbashev in neutral zone.
3:08 of 1st period - Shot by Garnet Hathaway.
3:08 of 1st period - Shot Hit the Post.
3:10 of 1st period - Shot by Garnet Hathaway.
3:10 of 1st period - Stopped by Marc-Andre Fleury without a rebound.
3:11 of 1st period - Tyler Seguin wins face-off versus Andreas Athanasiou in BlackHawks zone.
3:47 of 1st period - Shot by Anders Lee.
3:47 of 1st period - Stopped by Dan Vladar without a rebound.
3:48 of 1st period - Mark Jankowski wins face-off versus Ryan Donato in Jets zone.
4:42 of 1st period - Shot by Nick Schmaltz.
4:42 of 1st period - Stopped by Marc-Andre Fleury without a rebound.
4:43 of 1st period - Tyler Seguin wins face-off versus Nick Schmaltz in BlackHawks zone.
4:54 of 1st period - Oliver Bjorkstrand is hit by Anders Lee and loses puck.
5:08 of 1st period - Nick Schmaltz is hit by Marc-Edouard Vlasic and loses puck.
5:22 of 1st period - Victor Olofsson is hit by Braden Schneider and loses puck.
6:18 of 1st period - Shot by Kirill Kaprizov.
6:18 of 1st period - Shot Misses the Net.
7:02 of 1st period - Shot by Ty Dellandrea.
7:02 of 1st period - Stopped by Dan Vladar without a rebound.
7:03 of 1st period - Mark Jankowski wins face-off versus Jaden Schwartz in Jets zone.
7:20 of 1st period - Shot by Thomas Novak.
7:20 of 1st period - Shot Blocked by Tyler Seguin.
8:06 of 1st period - Off-side.
8:07 of 1st period - Ty Dellandrea wins face-off versus Nick Schmaltz in neutral zone.
8:09 of 1st period - Max Domi is hit by Dmitry Orlov and loses puck.
8:16 of 1st period - Shot by Ty Dellandrea.
8:16 of 1st period - Shot Misses the Net.
8:18 of 1st period - Shot by Ty Dellandrea.
8:18 of 1st period - Stopped by Dan Vladar without a rebound.
8:19 of 1st period - Kirill Kaprizov wins face-off versus Andreas Athanasiou in Jets zone.
8:26 of 1st period - Shot by Andrei Kuzmenko.
8:26 of 1st period - Shot Blocked by Torey Krug.
8:28 of 1st period - Shot by Kirill Kaprizov.
8:28 of 1st period - Stopped by Dan Vladar without a rebound.
8:29 of 1st period - Ty Dellandrea wins face-off versus Darren Helm in Jets zone.
8:29 of 1st period - Max Domi is hit by Dmitry Orlov and loses puck.
8:46 of 1st period - Shot by Max Domi.
8:46 of 1st period - Shot Blocked by Hampus Lindholm.
8:48 of 1st period - Shot by Ty Dellandrea.
8:48 of 1st period - Shot Blocked by Dmitry Orlov.
8:50 of 1st period - Shot by Ty Dellandrea.
8:50 of 1st period - Stopped by Dan Vladar without a rebound.
8:51 of 1st period - Nick Schmaltz wins face-off versus Ivan Barbashev in Jets zone.
9:20 of 1st period - Shot by Oliver Bjorkstrand.
9:20 of 1st period - Stopped by Marc-Andre Fleury with a rebound.
9:22 of 1st period - Shot by Oliver Bjorkstrand.
9:22 of 1st period - Stopped by Marc-Andre Fleury without a rebound.
9:23 of 1st period - Ty Dellandrea wins face-off versus Andreas Athanasiou in BlackHawks zone.
9:28 of 1st period - Shot by Max Domi.
9:28 of 1st period - Stopped by Dan Vladar without a rebound.
9:29 of 1st period - Ty Dellandrea wins face-off versus Andreas Athanasiou in Jets zone.
9:29 of 1st period - Ty Dellandrea is hit by Dmitry Orlov.
9:44 of 1st period - Max Domi is hit by Dmitry Orlov and loses puck.
9:51 of 1st period - Shot by Nick Ritchie.
9:51 of 1st period - Shot Misses the Net.
9:56 of 1st period - Ty Dellandrea is hit by Dmitry Orlov and loses puck.
10:25 of 1st period - Kirill Kaprizov is hit by Dmitry Orlov and loses puck.
10:41 of 1st period - Ivan Barbashev is hit by Darren Helm and loses puck.
10:49 of 1st period - Icing by Braden Schneider.
10:50 of 1st period - Ivan Barbashev wins face-off versus Nick Schmaltz in BlackHawks zone.
11:09 of 1st period - Shot by Nick Schmaltz.
11:09 of 1st period - Shot Misses the Net.
11:11 of 1st period - Shot by Nick Schmaltz.
11:11 of 1st period - Shot Misses the Net.
11:16 of 1st period - Nick Schmaltz is hit by Braden Schneider and loses puck.
11:24 of 1st period - Nick Schmaltz is hit by Braden Schneider and loses puck.
11:56 of 1st period - Shot by Darren Helm.
11:56 of 1st period - Deflect By Oskar Sundqvist.
11:56 of 1st period - Stopped by Marc-Andre Fleury without a rebound.
11:57 of 1st period - Mark Jankowski wins face-off versus Nick Ritchie in BlackHawks zone.
12:20 of 1st period - Shot by Ty Dellandrea.
12:20 of 1st period - Stopped by Dan Vladar without a rebound.
12:21 of 1st period - Andreas Athanasiou wins face-off versus Tyler Seguin in Jets zone.
12:28 of 1st period - Shot by Anders Lee.
12:28 of 1st period - Stopped by Dan Vladar without a rebound.
12:29 of 1st period - Tyler Seguin wins face-off versus Andreas Athanasiou in Jets zone.
12:58 of 1st period - Shot by Anders Lee.
12:58 of 1st period - Stopped by Dan Vladar without a rebound.
12:59 of 1st period - Ty Dellandrea wins face-off versus Darren Helm in Jets zone.
13:00 of 1st period - Shot by Max Domi.
13:00 of 1st period - Shot Misses the Net.
13:14 of 1st period - Shot by Max Domi.
13:14 of 1st period - Stopped by Dan Vladar without a rebound.
13:15 of 1st period - Nick Schmaltz wins face-off versus Ivan Barbashev in Jets zone.
13:32 of 1st period - Shot by Ivan Barbashev.
13:32 of 1st period - Shot Blocked by Colin Miller.
15:21 of 1st period - Shot by Justin Braun.
15:21 of 1st period - Shot Blocked by Torey Krug.
15:37 of 1st period - Shot by Garnet Hathaway.
15:37 of 1st period - Shot Misses the Net.
15:39 of 1st period - Shot by Torey Krug.
15:39 of 1st period - Stopped by Marc-Andre Fleury without a rebound.
15:40 of 1st period - Ivan Barbashev wins face-off versus Darren Helm in BlackHawks zone.
15:45 of 1st period - Shot by Kirill Kaprizov.
15:45 of 1st period - Stopped by Dan Vladar without a rebound.
15:46 of 1st period - Darren Helm wins face-off versus Ivan Barbashev in Jets zone.
15:46 of 1st period - Darren Helm is hit by Ivan Barbashev.
15:57 of 1st period - Off-side.
15:58 of 1st period - Garnet Hathaway wins face-off versus Tyler Seguin in neutral zone.
15:58 of 1st period - Mark Jankowski is hit by Anders Lee and loses puck.
16:12 of 1st period - Icing by Jack Rathbone.
16:13 of 1st period - Jaden Schwartz wins face-off versus Darren Helm in BlackHawks zone.
16:22 of 1st period - Shot by Jaden Schwartz.
16:22 of 1st period - Stopped by Dan Vladar without a rebound.
16:23 of 1st period - Andreas Athanasiou wins face-off versus Ivan Barbashev in Jets zone.
16:32 of 1st period - Shot by Reilly Smith.
16:32 of 1st period - Shot Blocked by Braden Schneider.
16:52 of 1st period - Shot by Ivan Barbashev.
16:52 of 1st period - Shot Blocked by Torey Krug.
17:25 of 1st period - Icing by Tyler Seguin.
17:26 of 1st period - Tyler Seguin wins face-off versus Nick Schmaltz in BlackHawks zone.
18:48 of 1st period - Ty Dellandrea is hit by Colin Miller and loses puck.
19:14 of 1st period - Garnet Hathaway is hit by Nick Ritchie and loses puck.
19:29 of 1st period - Shot by Kirill Kaprizov.
19:29 of 1st period - Shot Misses the Net.
19:32 of 1st period - Minor Penalty to Colin Miller for High sticking.
19:33 of 1st period - Nick Schmaltz wins face-off versus Andrei Kuzmenko in Jets zone.
Goals for this period are 0 for Jets vs 1 for BlackHawks.
Shots for this period are 6 for Jets vs 14 for BlackHawks.

2nd period


0:01 of 2nd period - Nick Schmaltz wins face-off versus Ivan Barbashev in neutral zone.
0:24 of 2nd period - Shot by Andrei Kuzmenko.
0:24 of 2nd period - Shot Misses the Net.
0:26 of 2nd period - Shot by Marc-Edouard Vlasic.
0:26 of 2nd period - Stopped by Dan Vladar without a rebound.
0:27 of 2nd period - Tyler Seguin wins face-off versus Nick Schmaltz in Jets zone.
0:36 of 2nd period - Shot by Tyler Seguin.
0:36 of 2nd period - Deflect By Anders Lee.
0:36 of 2nd period - Stopped by Dan Vladar without a rebound.
0:37 of 2nd period - Nick Schmaltz wins face-off versus Ty Dellandrea in Jets zone.
1:27 of 2nd period - Icing by Marc-Edouard Vlasic.
1:28 of 2nd period - Andreas Athanasiou wins face-off versus Tyler Seguin in BlackHawks zone.
1:45 of 2nd period - Shot by Andrei Kuzmenko.
1:45 of 2nd period - Shot Blocked by Connor Murphy.
1:47 of 2nd period - Shot by Ivan Barbashev.
1:47 of 2nd period - Stopped by Dan Vladar without a rebound.
1:48 of 2nd period - Ryan Donato wins face-off versus Andreas Athanasiou in Jets zone.
1:55 of 2nd period - Shot by Ryan Donato.
1:55 of 2nd period - Shot Misses the Net.
1:58 of 2nd period - Icing by Hampus Lindholm.
1:59 of 2nd period - Ivan Barbashev wins face-off versus Andreas Athanasiou in Jets zone.
2:52 of 2nd period - Derek Forbort is hit by Zac Dalpe and loses puck.
2:58 of 2nd period - Icing by Andrei Kuzmenko.
2:59 of 2nd period - Nick Schmaltz wins face-off versus Ivan Barbashev in BlackHawks zone.
3:10 of 2nd period - Shot by Nick Schmaltz.
3:10 of 2nd period - Stopped by Marc-Andre Fleury without a rebound.
3:11 of 2nd period - Darren Helm wins face-off versus Tyler Seguin in BlackHawks zone.
3:24 of 2nd period - Shot by Darren Helm.
3:24 of 2nd period - Stopped by Marc-Andre Fleury with a rebound.
3:48 of 2nd period - Shot by Darren Helm.
3:48 of 2nd period - Shot Blocked by Braden Schneider.
4:29 of 2nd period - Icing by Braden Schneider.
4:30 of 2nd period - Tyler Seguin wins face-off versus Andreas Athanasiou in BlackHawks zone.
4:51 of 2nd period - Shot by Reilly Smith.
4:51 of 2nd period - Shot Misses the Net.
4:53 of 2nd period - Shot by Colin Miller.
4:53 of 2nd period - Shot Misses the Net.
4:55 of 2nd period - Shot by Colin Miller.
4:55 of 2nd period - Deflect By Andreas Athanasiou.
4:55 of 2nd period - Shot Misses the Net.
5:03 of 2nd period - Shot by Reilly Smith.
5:03 of 2nd period - Deflect By Gustav Nyquist.
5:03 of 2nd period - Shot Misses the Net.
5:05 of 2nd period - Shot by Gustav Nyquist.
5:05 of 2nd period - Goal by Gustav Nyquist - Jets : 1 - BlackHawks : 1.
5:06 of 2nd period - Mark Jankowski wins face-off versus Ivan Barbashev in neutral zone.
6:53 of 2nd period - Shot by Reilly Smith.
6:53 of 2nd period - Stopped by Marc-Andre Fleury without a rebound.
6:54 of 2nd period - Ivan Barbashev wins face-off versus Victor Olofsson in BlackHawks zone.
7:07 of 2nd period - Kirill Kaprizov is hit by Colin Miller and loses puck.
7:24 of 2nd period - Shot by Nick Schmaltz.
7:24 of 2nd period - Stopped by Marc-Andre Fleury without a rebound.
7:25 of 2nd period - Andreas Athanasiou wins face-off versus Tyler Seguin in BlackHawks zone.
7:38 of 2nd period - Shot by Tyler Seguin.
7:38 of 2nd period - Stopped by Dan Vladar without a rebound.
7:39 of 2nd period - Darren Helm wins face-off versus Ty Dellandrea in Jets zone.
8:54 of 2nd period - Shot by Tyler Seguin.
8:54 of 2nd period - Shot Misses the Net.
8:57 of 2nd period - Icing by Hampus Lindholm.
8:58 of 2nd period - Ivan Barbashev wins face-off versus Andreas Athanasiou in Jets zone.
9:01 of 2nd period - Shot by Kirill Kaprizov.
9:01 of 2nd period - Shot Misses the Net.
9:03 of 2nd period - Shot by Derek Forbort.
9:03 of 2nd period - Shot Misses the Net.
9:44 of 2nd period - Icing by Ivan Barbashev.
9:45 of 2nd period - Ivan Barbashev wins face-off versus Nick Schmaltz in BlackHawks zone.
10:06 of 2nd period - Shot by Victor Olofsson.
10:06 of 2nd period - Stopped by Marc-Andre Fleury without a rebound.
10:07 of 2nd period - Ty Dellandrea wins face-off versus Mark Jankowski in BlackHawks zone.
10:09 of 2nd period - Icing by Braden Schneider.
10:10 of 2nd period - Mark Jankowski wins face-off versus Ty Dellandrea in BlackHawks zone.
10:31 of 2nd period - Braden Schneider is hit by Connor Murphy and loses puck.
11:05 of 2nd period - Icing by Braden Schneider.
11:06 of 2nd period - Ty Dellandrea wins face-off versus Victor Olofsson in BlackHawks zone.
11:25 of 2nd period - Shot by Victor Olofsson.
11:25 of 2nd period - Shot Misses the Net.
11:41 of 2nd period - Shot by Kirill Kaprizov.
11:41 of 2nd period - Deflect By Andrei Kuzmenko.
11:41 of 2nd period - Shot Misses the Net.
11:43 of 2nd period - Shot by Ivan Barbashev.
11:43 of 2nd period - Stopped by Dan Vladar without a rebound.
11:44 of 2nd period - Tyler Seguin wins face-off versus Andreas Athanasiou in Jets zone.
13:31 of 2nd period - Icing by Braden Schneider.
13:32 of 2nd period - Ivan Barbashev wins face-off versus Nick Schmaltz in BlackHawks zone.
13:37 of 2nd period - Oliver Bjorkstrand is hit by Ivan Barbashev.
14:45 of 2nd period - Shot by Max Domi.
14:45 of 2nd period - Stopped by Dan Vladar without a rebound.
14:46 of 2nd period - Andreas Athanasiou wins face-off versus Tyler Seguin in Jets zone.
14:46 of 2nd period - Andreas Athanasiou is hit by Anders Lee.
15:00 of 2nd period - Shot by Tyler Seguin.
15:00 of 2nd period - Shot Blocked by Nate Schmidt.
15:02 of 2nd period - Shot by Tyler Seguin.
15:02 of 2nd period - Stopped by Dan Vladar without a rebound.
15:03 of 2nd period - Ryan Donato wins face-off versus Mark Jankowski in Jets zone.
15:04 of 2nd period - Shot by Kirill Kaprizov.
15:04 of 2nd period - Stopped by Dan Vladar without a rebound.
15:05 of 2nd period - Tyler Seguin wins face-off versus Andreas Athanasiou in Jets zone.
15:08 of 2nd period - Shot by Anders Lee.
15:08 of 2nd period - Deflect By Jaden Schwartz.
15:08 of 2nd period - Stopped by Dan Vladar without a rebound.
15:09 of 2nd period - Ryan Donato wins face-off versus Andreas Athanasiou in Jets zone.
15:22 of 2nd period - Icing by Marc-Edouard Vlasic.
15:23 of 2nd period - Mark Jankowski wins face-off versus Ryan Donato in BlackHawks zone.
15:24 of 2nd period - Shot by Thomas Novak.
15:24 of 2nd period - Stopped by Marc-Andre Fleury without a rebound.
15:25 of 2nd period - Andreas Athanasiou wins face-off versus Kirill Kaprizov in BlackHawks zone.
15:25 of 2nd period - Andreas Athanasiou is hit by Braden Schneider.
16:43 of 2nd period - Shot by Jaden Schwartz.
16:43 of 2nd period - Stopped by Dan Vladar without a rebound.
16:44 of 2nd period - Nick Schmaltz wins face-off versus Ty Dellandrea in Jets zone.
16:51 of 2nd period - Shot by Max Domi.
16:51 of 2nd period - Stopped by Dan Vladar without a rebound.
16:52 of 2nd period - Tyler Seguin wins face-off versus Oliver Bjorkstrand in Jets zone.
16:53 of 2nd period - Shot by Anders Lee.
16:53 of 2nd period - Shot Misses the Net.
17:34 of 2nd period - Icing by Justin Braun.
17:35 of 2nd period - Gustav Nyquist wins face-off versus Tyler Seguin in BlackHawks zone.
17:56 of 2nd period - Kirill Kaprizov is hit by Dmitry Orlov and loses puck.
18:07 of 2nd period - Shot by Ryan Donato.
18:07 of 2nd period - Shot Misses the Net.
18:09 of 2nd period - Shot by Marc-Edouard Vlasic.
18:09 of 2nd period - Shot Misses the Net.
18:11 of 2nd period - Shot by Marc-Edouard Vlasic.
18:11 of 2nd period - Shot Blocked by Hampus Lindholm.
18:13 of 2nd period - Shot by Kirill Kaprizov.
18:13 of 2nd period - Shot Misses the Net.
18:23 of 2nd period - Shot by Kirill Kaprizov.
18:23 of 2nd period - Deflect By Nick Ritchie.
18:23 of 2nd period - Shot Misses the Net.
18:25 of 2nd period - Shot by Kirill Kaprizov.
18:25 of 2nd period - Shot Misses the Net.
18:27 of 2nd period - Shot by Ryan Donato.
18:27 of 2nd period - Stopped by Dan Vladar without a rebound.
18:28 of 2nd period - Mark Jankowski wins face-off versus Ivan Barbashev in Jets zone.
18:49 of 2nd period - Shot by Kirill Kaprizov.
18:49 of 2nd period - Shot Misses the Net.
Goals for this period are 1 for Jets vs 0 for BlackHawks.
Shots for this period are 7 for Jets vs 12 for BlackHawks.

3rd period


0:01 of 3rd period - Nick Schmaltz wins face-off versus Ivan Barbashev in neutral zone.
0:22 of 3rd period - Shot by Victor Olofsson.
0:22 of 3rd period - Stopped by Marc-Andre Fleury without a rebound.
0:23 of 3rd period - Tyler Seguin wins face-off versus Andreas Athanasiou in BlackHawks zone.
0:46 of 3rd period - Shot by Gustav Nyquist.
0:46 of 3rd period - Shot Misses the Net.
0:48 of 3rd period - Shot by Connor Murphy.
0:48 of 3rd period - Shot Misses the Net.
1:06 of 3rd period - Shot by Reilly Smith.
1:06 of 3rd period - Deflect By Andreas Athanasiou.
1:06 of 3rd period - Shot Blocked by Justin Braun.
1:15 of 3rd period - Icing by Derek Forbort.
1:16 of 3rd period - Tyler Seguin wins face-off versus Nick Schmaltz in BlackHawks zone.
2:17 of 3rd period - Colin Miller is hit by Anders Lee and loses puck.
2:36 of 3rd period - Shot by Oskar Sundqvist.
2:36 of 3rd period - Shot Blocked by Marc-Edouard Vlasic.
2:48 of 3rd period - Shot by Kirill Kaprizov.
2:48 of 3rd period - Shot Misses the Net.
2:50 of 3rd period - Shot by Braden Schneider.
2:50 of 3rd period - Shot Blocked by Nate Schmidt.
2:52 of 3rd period - Shot by Ivan Barbashev.
2:52 of 3rd period - Stopped by Dan Vladar without a rebound.
2:53 of 3rd period - Ty Dellandrea wins face-off versus Andreas Athanasiou in Jets zone.
2:53 of 3rd period - Nick Ritchie is hit by Torey Krug and loses puck.
3:13 of 3rd period - Ty Dellandrea is hit by Connor Murphy and loses puck.
3:33 of 3rd period - Andreas Athanasiou is hit by Haydn Fleury and loses puck.
4:10 of 3rd period - Shot by Kirill Kaprizov.
4:10 of 3rd period - Stopped by Dan Vladar with a rebound.
4:45 of 3rd period - Hampus Lindholm is hit by Nick Ritchie and loses puck.
5:15 of 3rd period - Shot by Tyler Seguin.
5:15 of 3rd period - Stopped by Dan Vladar without a rebound.
5:16 of 3rd period - Ty Dellandrea wins face-off versus Nick Schmaltz in Jets zone.
5:54 of 3rd period - Icing by Colin Miller.
5:55 of 3rd period - Ivan Barbashev wins face-off versus Nick Schmaltz in Jets zone.
5:56 of 3rd period - Shot by Kirill Kaprizov.
5:56 of 3rd period - Shot Blocked by Nate Schmidt.
6:06 of 3rd period - Shot by Nick Schmaltz.
6:06 of 3rd period - Stopped by Marc-Andre Fleury with a rebound.
6:08 of 3rd period - Shot by Nick Schmaltz.
6:08 of 3rd period - Shot Misses the Net.
6:10 of 3rd period - Shot by Oliver Bjorkstrand.
6:10 of 3rd period - Shot Misses the Net.
6:36 of 3rd period - Shot by Garnet Hathaway.
6:36 of 3rd period - Stopped by Marc-Andre Fleury without a rebound.
6:37 of 3rd period - Tyler Seguin wins face-off versus Darren Helm in BlackHawks zone.
6:44 of 3rd period - Shot by Jaden Schwartz.
6:44 of 3rd period - Shot Blocked by Hampus Lindholm.
6:46 of 3rd period - Shot by Jack Rathbone.
6:46 of 3rd period - Goal by Jack Rathbone - Jets : 1 - BlackHawks : 2.
6:47 of 3rd period - Ty Dellandrea wins face-off versus Mark Jankowski in neutral zone.
7:18 of 3rd period - Garnet Hathaway is hit by Braden Schneider and loses puck.
7:40 of 3rd period - Minor Penalty to Nick Ritchie for Roughing.
7:41 of 3rd period - Nick Schmaltz wins face-off versus Kirill Kaprizov in BlackHawks zone.
8:18 of 3rd period - Shot by Nick Schmaltz.
8:18 of 3rd period - Goal by Nick Schmaltz - Jets : 2 - BlackHawks : 2.
8:19 of 3rd period - Darren Helm wins face-off versus Ivan Barbashev in neutral zone.
8:36 of 3rd period - Shot by Darren Helm.
8:36 of 3rd period - Stopped by Marc-Andre Fleury without a rebound.
8:37 of 3rd period - Ty Dellandrea wins face-off versus Mark Jankowski in BlackHawks zone.
9:06 of 3rd period - Shot by Nick Ritchie.
9:06 of 3rd period - Stopped by Dan Vladar with a rebound.
9:08 of 3rd period - Shot by Ty Dellandrea.
9:08 of 3rd period - Stopped by Dan Vladar without a rebound.
9:09 of 3rd period - Tyler Seguin wins face-off versus Andreas Athanasiou in Jets zone.
9:11 of 3rd period - Jaden Schwartz is hit by Dmitry Orlov and loses puck.
9:17 of 3rd period - Reilly Smith is hit by Anders Lee and loses puck.
9:22 of 3rd period - Justin Braun is hit by Gustav Nyquist and loses puck.
9:34 of 3rd period - Icing by Justin Braun.
9:35 of 3rd period - Nick Schmaltz wins face-off versus Tyler Seguin in BlackHawks zone.
9:38 of 3rd period - Shot by Victor Olofsson.
9:38 of 3rd period - Deflect By Nick Schmaltz.
9:38 of 3rd period - Shot Blocked by Derek Forbort.
9:40 of 3rd period - Shot by Oliver Bjorkstrand.
9:40 of 3rd period - Stopped by Marc-Andre Fleury without a rebound.
9:41 of 3rd period - Ivan Barbashev wins face-off versus Nick Schmaltz in BlackHawks zone.
10:00 of 3rd period - Shot by Victor Olofsson.
10:00 of 3rd period - Stopped by Marc-Andre Fleury without a rebound.
10:01 of 3rd period - Andreas Athanasiou wins face-off versus Tyler Seguin in BlackHawks zone.
10:21 of 3rd period - Hampus Lindholm is hit by Jaden Schwartz and loses puck.
10:28 of 3rd period - Shot by Anders Lee.
10:28 of 3rd period - Shot Misses the Net.
10:30 of 3rd period - Shot by Anders Lee.
10:30 of 3rd period - Shot Misses the Net.
10:45 of 3rd period - Shot by Gustav Nyquist.
10:45 of 3rd period - Shot Misses the Net.
10:50 of 3rd period - Tyler Seguin is hit by Hampus Lindholm and loses puck.
11:19 of 3rd period - Shot by Ivan Barbashev.
11:19 of 3rd period - Shot Misses the Net.
11:25 of 3rd period - Shot by Kirill Kaprizov.
11:25 of 3rd period - Deflect By Andrei Kuzmenko.
11:25 of 3rd period - Shot Misses the Net.
11:27 of 3rd period - Shot by Andrei Kuzmenko.
11:27 of 3rd period - Shot Misses the Net.
11:33 of 3rd period - Shot by Kirill Kaprizov.
11:33 of 3rd period - Stopped by Dan Vladar without a rebound.
11:34 of 3rd period - Max Domi wins face-off versus Darren Helm in Jets zone.
11:54 of 3rd period - Max Domi is hit by Connor Murphy and loses puck.
11:59 of 3rd period - Shot by Nick Ritchie.
11:59 of 3rd period - Goal by Nick Ritchie - Jets : 2 - BlackHawks : 3.
12:00 of 3rd period - Ivan Barbashev wins face-off versus Oliver Bjorkstrand in neutral zone.
12:00 of 3rd period - Ivan Barbashev is hit by Nick Schmaltz.
12:04 of 3rd period - Shot by Kirill Kaprizov.
12:04 of 3rd period - Shot Blocked by Nate Schmidt.
12:06 of 3rd period - Shot by Ivan Barbashev.
12:06 of 3rd period - Stopped by Dan Vladar with a rebound.
12:08 of 3rd period - Shot by Kirill Kaprizov.
12:08 of 3rd period - Shot Misses the Net.
12:20 of 3rd period - Shot by Andrei Kuzmenko.
12:20 of 3rd period - Deflect By Kirill Kaprizov.
12:20 of 3rd period - Shot Misses the Net.
12:30 of 3rd period - Shot by Andrei Kuzmenko.
12:30 of 3rd period - Stopped by Dan Vladar without a rebound.
12:31 of 3rd period - Tyler Seguin wins face-off versus Andreas Athanasiou in Jets zone.
13:01 of 3rd period - Tyler Seguin is hit by Dmitry Orlov and loses puck.
13:19 of 3rd period - Icing by Derek Forbort.
13:20 of 3rd period - Darren Helm wins face-off versus Tyler Seguin in BlackHawks zone.
13:37 of 3rd period - Shot by Darren Helm.
13:37 of 3rd period - Stopped by Marc-Andre Fleury without a rebound.
13:38 of 3rd period - Nick Schmaltz wins face-off versus Ivan Barbashev in BlackHawks zone.
14:19 of 3rd period - Shot by Nick Schmaltz.
14:19 of 3rd period - Deflect By Oliver Bjorkstrand.
14:19 of 3rd period - Stopped by Marc-Andre Fleury without a rebound.
14:20 of 3rd period - Mark Jankowski wins face-off versus Ty Dellandrea in BlackHawks zone.
14:46 of 3rd period - Icing by Ty Dellandrea.
14:47 of 3rd period - Andreas Athanasiou wins face-off versus Ty Dellandrea in BlackHawks zone.
14:59 of 3rd period - Minor Penalty to Connor Murphy for Cross-checking.
15:00 of 3rd period - Nick Schmaltz wins face-off versus Ivan Barbashev in Jets zone.
15:00 of 3rd period - Nick Schmaltz is hit by Andrei Kuzmenko.
15:10 of 3rd period - Shot by Ivan Barbashev.
15:10 of 3rd period - Goal by Ivan Barbashev - Jets : 2 - BlackHawks : 4.
15:11 of 3rd period - Darren Helm wins face-off versus Tyler Seguin in neutral zone.
15:25 of 3rd period - Shot by Anders Lee.
15:25 of 3rd period - Stopped by Dan Vladar without a rebound.
15:26 of 3rd period - Andreas Athanasiou wins face-off versus Andrei Kuzmenko in Jets zone.
15:26 of 3rd period - Reilly Smith is hit by Ivan Barbashev and loses puck.
15:39 of 3rd period - Shot by Kirill Kaprizov.
15:39 of 3rd period - Stopped by Dan Vladar without a rebound.
15:40 of 3rd period - Darren Helm wins face-off versus Tyler Seguin in Jets zone.
16:49 of 3rd period - Shot by Reilly Smith.
16:49 of 3rd period - Shot Blocked by Jaden Schwartz.
16:51 of 3rd period - Shot by Reilly Smith.
16:51 of 3rd period - Goal by Reilly Smith - Jets : 3 - BlackHawks : 4.
16:52 of 3rd period - Ivan Barbashev wins face-off versus Nick Schmaltz in neutral zone.
17:05 of 3rd period - Shot by Nick Schmaltz.
17:05 of 3rd period - Shot Misses the Net.
17:17 of 3rd period - Shot by Nick Schmaltz.
17:17 of 3rd period - Shot Misses the Net.
17:33 of 3rd period - Shot by Ivan Barbashev.
17:33 of 3rd period - Stopped by Dan Vladar without a rebound.
17:34 of 3rd period - Ty Dellandrea wins face-off versus Mark Jankowski in Jets zone.
17:54 of 3rd period - Off-side.
17:55 of 3rd period - Andreas Athanasiou wins face-off versus Ryan Donato in neutral zone.
17:59 of 3rd period - Gustav Nyquist is hit by Braden Schneider and loses puck.
18:08 of 3rd period - Shot by Nick Ritchie.
18:08 of 3rd period - Stopped by Dan Vladar with a rebound.
18:16 of 3rd period - Shot by Ryan Donato.
18:16 of 3rd period - Shot Misses the Net.
18:18 of 3rd period - Shot by Ryan Donato.
18:18 of 3rd period - Shot Misses the Net.
18:20 of 3rd period - Shot by Braden Schneider.
18:20 of 3rd period - Goal by Braden Schneider - Jets : 3 - BlackHawks : 5.
18:21 of 3rd period - Tyler Seguin wins face-off versus Mark Jankowski in neutral zone.
18:24 of 3rd period - Mark Jankowski is hit by Anders Lee and loses puck.
19:03 of 3rd period - Shot by Thomas Novak.
19:03 of 3rd period - Shot Misses the Net.
19:12 of 3rd period - Icing by Derek Forbort.
19:13 of 3rd period - Tyler Seguin wins face-off versus Reilly Smith in BlackHawks zone.
19:15 of 3rd period - Icing by Jaden Schwartz.
19:16 of 3rd period - Andreas Athanasiou wins face-off versus Tyler Seguin in BlackHawks zone.
19:39 of 3rd period - Shot by Reilly Smith.
19:39 of 3rd period - Shot Blocked by Marc-Edouard Vlasic.
19:51 of 3rd period - Shot by Kirill Kaprizov.
19:51 of 3rd period - Stopped by Dan Vladar with a rebound.
Goals for this period are 2 for Jets vs 4 for BlackHawks.
Shots for this period are 10 for Jets vs 17 for BlackHawks.